 Dungeon Crawl Stone Soup version 0.27-a0-1431-gcffa5a9b16 (webtiles) character file.

Game seed: 289696282339447185

534 barkas the Sneak (level 7, -1/64 HPs)
             Began as a Naga Summoner on July 2, 2021.
             Slain by an iguana (11 damage)
             ... on level 5 of the Dungeon.
             The game lasted 00:08:57 (5164 turns).

barkas the Sneak (Naga Summoner)                    Turns: 5164, Time: 00:08:59

Health: -1/64      AC:  5    Str: 11    XL:     7   Next: 25%
Magic:  10/10      EV:  9    Int: 17    God:
Gold:   123        SH:  0    Dex: 11    Spells: 4/10 levels left

rFire    . . .     SeeInvis +   a - +1 dagger (venom)
rCold    . . .     Faith    .   (no shield)
rNeg     . . .     Spirit   .   g - +0 robe
rPois    +         Reflect  .   d - +0 helmet
rElec    .         Harm     .   q - +0 cloak
rCorr    .         Rampage  .   (no gloves)
Will     .....                  (no barding)
Stlth    +++.......             (no amulet)
HPRegen  0.20/turn              (no ring)
MPRegen  0.12/turn              (no ring)

@: about to teleport, very slow
A: AC +2, large, see invisible, deformed body, poison resistance, slowness 2,
spit poison 1, naga tail 1
a: Spit Poison


You were on level 5 of the Dungeon.
You visited 1 branch of the dungeon, and saw 5 of its levels.

You collected 123 gold pieces.

Inventory:

Hand Weapons
 a - a +1 dagger of venom (weapon)
 b - a +1 whip of draining
 w - a +0 rapier
Missiles
 i - 8 poisoned darts (quivered)
 r - 4 curare-tipped darts
Armour
 d - a +0 helmet (worn)
 g - a +0 robe (worn)
 q - a +0 cloak (worn)
Jewellery
 s - an amulet of guardian spirit
Wands
 f - a wand of iceblast (3)
Scrolls
 e - a scroll of teleportation
 h - a scroll of blinking {unknown}
 k - a scroll of fog {unknown}
 l - 2 scrolls of amnesia {unknown}
 m - 2 scrolls of identify {unknown}
Potions
 c - 2 potions of heal wounds {unknown}
 j - 3 potions of curing
 n - 2 potions of berserk rage {unknown}
 p - 2 potions of magic {unknown}
 t - a potion of attraction {unknown}


   Skills:
 + Level 4.0 Fighting
 - Level 1.5 Dodging
 + Level 7.3 Stealth
 - Level 2.0 Spellcasting
 + Level 5.9 Summonings


You had 4 spell levels left.
You knew the following spells:

 Your Spells              Type           Power      Damage    Failure   Level
a - Summon Small Mammal   Summ           84%        N/A       1%          1
b - Call Imp              Summ           21%        N/A       2%          2
c - Call Canine Familiar  Summ           21%        N/A       5%          3

Your spell library contained the following spells:

 Spells                   Type           Power      Damage    Failure   Level
 Summon Guardian Golem    Hex/Summ       11%        N/A       17%         3
 Summon Ice Beast         Ice/Summ       11%        N/A       50%         4
 Summon Lightning Spire   Summ/Air       11%        N/A       50%         4


Dungeon Overview and Level Annotations

Branches:
Dungeon (5/15)
 Temple: D:4-7

Altars:

Shops:
D:1 (


Innate Abilities, Weirdness & Mutations

Your serpentine skin is tough. (AC +2)
You have supernaturally acute eyesight. (SInv)
Armour fits poorly on your strangely shaped body.
Your system is resistant to poisons. (rPois)
You cover ground very slowly.
You can spit poison.
You have a snake-like lower body.


Message History

The centaur is heavily wounded.
The centaur unwields a +3 shortbow.
The centaur hits you.
* * * LOW HITPOINT WARNING * * *
The centaur kicks you but does no damage.
Okay, then.
Aiming: Iceblast
Press: ? - help, Shift-Dir - straight line, p - centaur
Okay, then.
Okay, then.
Unknown command.
Okay, then.
It was a potion of curing.
You feel better. The centaur hits you. The centaur barely misses you.
The centaur hits you.
* * * LOW HITPOINT WARNING * * *
The centaur closely misses you.
Aiming: Iceblast
Press: ? - help, Shift-Dir - straight line, p - centaur The mass of ice explodes!
The iceblast engulfs the centaur!
The centaur is almost dead.
The iceblast engulfs the iguana!
The iguana is severely wounded.
You have got your breath back.
You hear a shout!
The centaur hits you.
* * * LOW HITPOINT WARNING * * *
The centaur kicks you but does no damage.
Unknown command.
Unknown command.
Aiming: Iceblast
Press: ? - help, Shift-Dir - straight line
Okay, then.
Unknown command.
Okay, then.
As you read the scroll labelled QEMIOH IJYIF, it crumbles to dust.
You feel strangely unstable.
It was a scroll of teleportation.
The centaur hits you.
* * * LOW HITPOINT WARNING * * *
The centaur kicks you but does no damage.
The iguana bites you!
You die...

#.........####
####
#.....#......####
###.###...##.....
# #......###
###.....###
#.....>..
###.).....#
##..)##..#..
#..#@# #....
#.##cl# .... ...
..... ...
...c...#.### ..
......... ..
......... .##
......... .#
......... .#


You could see a centaur and an iguana.

Vanquished Creatures
  An ogre (D:4)
  A centaur zombie (D:5)
  Crazy Yiuf (D:3)
  2 iguanas
  Robin (D:3)
  6 adders
  2 gnolls (D:3)
  An ufetubus (D:4)
  An adder skeleton (D:5)
  3 dart slugs
  6 orcs
  4 bats
  3 endoplasms
  3 giant cockroaches
  13 goblins
  6 hobgoblins
  4 jackals (D:4)
  5 kobolds
  7 quokkas
  4 ball pythons
  6 frilled lizards
  A jackal skeleton (D:4)
  5 rats
86 creatures vanquished.

Vanquished Creatures (collateral kills)
  Grinder (D:3)
  A hound (D:4)
  An iguana (D:5)
  A gnoll (D:3)
  An adder (D:2)
  An orc (D:3)
  5 endoplasms
  3 goblins
  2 hobgoblins
  4 jackals (D:3)
  A ball python (D:1)
  3 kobolds
24 creatures vanquished.

Grand Total: 110 creatures vanquished

Notes
Turn   | Place    | Note
-------+----------+-------------------------------------------
     0 | D:1      | barkas the Naga Summoner began the quest for the Orb.
     0 | D:1      | Reached XP level 1. HP: 15/15 MP: 3/3
   613 | D:1      | Reached XP level 2. HP: 24/24 MP: 3/5
   616 | D:1      | Learned a level 2 spell: Call Imp
   808 | D:1      | Found Wogoga's Antique Weapon Emporium.
   827 | D:1      | Reached skill level 1 in Fighting
  1019 | D:1      | Found a faded altar of an unknown god.
  1216 | D:1      | Reached XP level 3. HP: 28/31 MP: 6/6
  1493 | D:2      | Reached skill level 4 in Stealth
  2012 | D:2      | Reached XP level 4. HP: 14/39 MP: 2/7
  2773 | D:3      | Noticed Robin
  2909 | D:3      | Killed Robin
  2910 | D:3      | Reached skill level 5 in Stealth
  3244 | D:3      | Reached XP level 5. HP: 42/45 MP: 8/8
  3329 | D:3      | Learned a level 3 spell: Call Canine Familiar
  3439 | D:3      | Noticed Grinder
  3448 | D:3      | Paralysed by Grinder for 4 turns
  3455 | D:3      | Killed Grinder
  3456 | D:3      | Reached skill level 5 in Summonings
  3578 | D:3      | Reached XP level 6. HP: 56/56 MP: 6/9
  3582 | D:3      | Reached skill level 6 in Stealth
  3890 | D:3      | Found a runed translucent door.
  3891 | D:3      | Noticed Crazy Yiuf
  4081 | D:3      | Killed Crazy Yiuf
  4580 | D:4      | Reached XP level 7. HP: 63/63 MP: 10/10
  4596 | D:4      | Reached skill level 7 in Stealth
  4983 | D:5      | Entered Level 5 of the Dungeon
  5164 | D:5      | Slain by an iguana

Illustrated notes

Levels and vault maps discovered:
D:1:      ebering_trefoil_twist, layout_loops_ring, serial_shops, shop,
          ebering_ecumenical_altar_sacrificial, minmay_pentomino_r4
D:2:      layout_loops_ring, chequers_garden
D:3:      layout_loops_ring, minmay_misc_feat_roman, uniq_crazy_yiuf_cottage,
          uniq_robin, uniq_grinder
D:4:      layout_cave_pools, kennysheep_potato
D:5:      layout_rooms, lemuel_temple_firewalk_a, uniq_pikel

Skill      XL: |  1  2  3  4  5  6  7 |
---------------+----------------------+-----
Fighting       | 1 2 3 4 |  4.0
Stealth        | 4 5 6 7 |  7.3
Summonings     | 5 |  5.9
Dodging        | |  1.5
Spellcasting   | |  2.0

Action                   |  1- 3 |  4- 6 |  7- 9 || total
-------------------------+-------+-------+-------++-------
Melee: Unarmed           |    16 |       |       ||    16
       Whip              |    50 |    29 |       ||    79
       Rapier            |       |    19 |    17 ||    36
       Dagger            |       |    19 |    21 ||    40
Throw: Dart              |       |     1 |       ||     1
 Cast: Summon Small Mamm |    18 |    14 |     1 ||    33
       Call Imp          |     3 |    15 |     2 ||    20
       Call Canine Famil |       |     1 |       ||     1
 Abil: Spit Poison       |    34 |    30 |     9 ||    73
Evoke: Wand              |       |     4 |     3 ||     7
  Use: Scroll            |       |       |     1 ||     1
       Potion            |       |       |     1 ||     1
 Stab: Sleeping          |     1 |     1 |     1 ||     3
Armor: Robe              |     8 |    25 |    22 ||    55
Dodge: Dodged            |    42 |    52 |    33 ||   127

Table legend: (Time is in decaauts)
 A = Elapsed time spent in this place.
 B = Non-inter-level travel time spent in this place.
 C = Inter-level travel time spent in this place.
 D = Time resting spent in this place.
 E = Time spent auto-exploring this place.
 F = Levels seen in this place.
 G = Mean time per level.
                   A        B        C        D        E       F      G
               +--------+--------+--------+--------+--------+-----+--------+
         Total |   6157 |   6016 |    141 |    503 |   4487 |   5 | 1231.4 |
       Dungeon |   6157 |   6016 |    141 |    503 |   4487 |   5 | 1231.4 |
               +--------+--------+--------+--------+--------+-----+--------+

Top non-repeatable levels by time:
     D:3: 1807 daAuts
     D:1: 1675 daAuts
     D:2: 1541 daAuts
     D:4: 934 daAuts
     D:5: 198 daAuts
